 Dungeon Crawl Stone Soup version 0.30-a0-799-g109b55a442 (webtiles) character file.

Game seed: 8813164858758328766

7408 Esekla the Covert (level 11, -1/75 HPs)
             Began as an Octopode Delver on Feb 21, 2023.
             Was an Initiate of Gozag.
             Slain by an orc warrior
             ... wielding a +2 scimitar of holy wrath
              (14 damage)
             ... on level 8 of the Dungeon.
             The game lasted 00:44:31 (8235 turns).

Esekla the Covert (Octopode Delver)                 Turns: 8235, Time: 00:44:31

Health: -1/75      AC:  5    Str: 18    XL:     11   Next: 14%
Magic:  18/19      EV: 15    Int: 23    God:    Gozag
Gold:   647        SH:  0    Dex: 13    Spells: 19/21 levels left

rFire   . . .      SeeInvis .    a - +2 falchion (elec)
rCold   . . .      Faith    .    (no shield)
rNeg    . . .      Spirit   .    (helmet restricted)
rPois   .          Reflect  .    (no amulet)
rElec   .          Harm     .    D - +6 ring of strength
rCorr   .          Rampage  .    E - +4 ring of protection
Will    .....                    H - +6 ring of intelligence
Stlth   +++++                    (no ring)
HPRegen 0.32/turn                (no ring)
MPRegen 0.16/turn                (no ring)
                                 (no ring)
                                 (no ring)

@: wereblooded, gold aura, studying Translocations
A: almost no armour, amphibious, 8 rings, camouflage 1, gelatinous body 1,
(nimble swimmer 1), tentacles
a: Renounce Religion, Potion Petition, Call Merchant, Bribe Branch


You were on level 8 of the Dungeon.
You worshipped Gozag.
Gozag was pleased with you.
You visited 2 branches of the dungeon, and saw 9 of its levels.
You also visited: Bailey.

You collected 1873 gold pieces.
You spent 572 gold pieces at shops.
You paid 654 gold pieces to Gozag.

Inventory:

Hand Weapons
 a - a +2 falchion of electrocution (weapon)
 l - a +1 heavy hand axe
 r - a +0 trident
 s - a +0 dagger of venom
Missiles
 i - 10 boomerangs
 k - 24 poisoned darts (quivered)
 q - 2 curare-tipped darts
Jewellery
 D - a +6 ring of strength (left tentacle)
 E - a +4 ring of protection (right tentacle)
 H - a +6 ring of intelligence (on tentacle)
Wands
 f - a wand of digging (3)
 j - a wand of quicksilver (7)
 v - a wand of flame (64)
 I - a wand of iceblast (7)
Scrolls
 b - 2 scrolls of fog
 c - 2 scrolls of brand weapon {unknown}
 d - a scroll of fear
 g - 3 scrolls of noise {unknown}
 h - 4 scrolls of poison {unknown}
 n - a scroll of enchant armour {unknown}
 t - 2 scrolls of magic mapping
 u - 4 scrolls of teleportation
 y - 3 scrolls of butterflies {unknown}
 A - 2 scrolls of enchant weapon {unknown}
 C - a scroll of vulnerability {unknown}
Potions
 e - 3 potions of haste
 m - 2 potions of lignification
 o - 2 potions of flight
 p - a potion of mutation
 w - a potion of curing
 x - 5 potions of attraction
 z - a potion of ambrosia {unknown}
 B - 4 potions of might {unknown}
 F - a potion of resistance {unknown}
 G - a potion of berserk rage


   Skills:
 * Level 7.2 Fighting
 + Level 3.5(6.6) Short Blades
 * Level 8.8(9.1) Long Blades
 + Level 2.9 Throwing
 * Level 6.3 Dodging
 + Level 10.7 Stealth
 * Level 5.6 Spellcasting
 * Level 5.5 Transmutations


You had 19 spell levels left.
You knew the following spells:

 Your Spells              Type           Power      Damage    Failure   Level
w - Wereblood             Tmut           31%        N/A       1%          2

Your spell library contained the following spells:

 Spells                   Type           Power      Damage    Failure   Level
 Passwall                 Tmut/Erth      15%        N/A       4%          2
 Ensorcelled Hibernation  Hex/Ice        12%        N/A       14%         2
 Sublimation of Blood     Necr           6%         N/A       14%         2
 Swiftness                Air            6%         N/A       26%         3
 Summon Hydra             Summ           3%         N/A       100%        7


Dungeon Overview and Level Annotations

Branches:
Dungeon (8/15)             Temple (1/1) D:5            Lair (0/5) D:8
 Bailey (visited)

Altars:
Ashenzari
Cheibriados
Dithmenos
Gozag
Hepliaklqana
Makhleb
Nemelex Xobeh
Qazlal
Ru
Trog
Uskayaw
Vehumet
Wu Jian

Shops:
D:1 (   D:2 *   D:6 !   D:7 =

Annotations:
D:7 rF++ or apport 4 treasure


Innate Abilities, Weirdness & Mutations

You cannot wear most types of armour.
You are amphibious.
You can wear up to eight rings at the same time.
Your skin changes colour to match your surroundings (Stealth+).
Your rubbery body absorbs attacks. (AC +1, EV +1)
((You are camouflaged when in or above water. (Stealth+)))
You have tentacles for arms and can constrict up to eight enemies at once.


Message History

Your squeeze misses the steam dragon.
The steam dragon is severely wounded.
The steam dragon bites you. The steam dragon closely misses you.
You barely miss the steam dragon. You squeeze the steam dragon!
The steam dragon is almost dead.
You barely miss the steam dragon.
The steam dragon is almost dead.
The steam dragon misses you. The steam dragon claws you.
You hit the steam dragon.
You feel a bit better.
You kill the steam dragon!
The orc warrior unwields a +4 arbalest.
The orc warrior wields a +2 scimitar of holy wrath.
It softly glows with a divine radiance!
The orc warrior misses you.
You hit the orc warrior but do no damage.
You grab the orc warrior. You constrict the orc warrior.
The orc warrior misses you.
Okay, then.
You hit the orc warrior. You squeeze the orc warrior.
The orc warrior is moderately wounded.
You howl as the wereblood boils in your veins!
You constrict the orc warrior.
The orc warrior hits you with a +2 scimitar of holy wrath.
You hit the orc warrior.
The orc warrior is severely wounded.
You constrict the orc warrior, but do no damage.
The orc warrior hits you with a +2 scimitar of holy wrath.
* * * LOW HITPOINT WARNING * * *
You barely miss the orc warrior.
The orc warrior is severely wounded.
You constrict the orc warrior, but do no damage.
A bullfrog comes into view.
You hit the orc warrior.
The orc warrior is severely wounded.
You constrict the orc warrior.
The orc warrior hits you with a +2 scimitar of holy wrath!
* * * LOW HITPOINT WARNING * * *
You feel better.
You constrict the orc warrior. The bullfrog misses you.
The orc warrior hits you with a +2 scimitar of holy wrath!
You die...
Your body crumbles into a pile of gold.

###.##.#####..#.....#.....#...
#.........##..#.... #.....#...
#......##.##..################
#.........##..................
####..........#..................
..##.....###..#..################
#.####.#####.##..#.....#.....#
..)..........##..#.....#..$..#
#.####.########.@#..#..#.$#c.#
#)####.### #oF#..#..#..#..#
.........# #..c..#.....#...
#.#......# #.....#o... #...
#........#### #######
#............. ..............
#.......#..... ...##
...........P.. ... ..)...


You could see an orc warrior, a bullfrog and a centaur.

Vanquished Creatures
  2 vault guards (Bailey)
  Prince Ribbit (Bailey)
  A hornet (D:5)
  5 humans (Bailey)
  2 steam dragons (D:8)
  5 water moccasins
  2 orc warriors
  An ice beast (D:7)
  10 black bears
  4 ogres
  4 phantoms
  3 kobold brigands
  9 bullfrogs
  2 scorpions
  8 wights
  A howler monkey (D:8)
  A jelly (D:5)
  4 orc priests
  7 hounds
  Terence (D:3)
  5 iguanas
  5 orc wizards
  8 adders
  4 gnolls
  2 ufetubi
  2 worms
  5 dart slugs
  30 orcs
  5 ball pythons
  10 endoplasms
  3 giant cockroaches
  13 goblins
  10 hobgoblins
  10 jackals
  6 quokkas
  A bat (D:3)
  5 frilled lizards
  12 kobolds
  3 rats
212 creatures vanquished.

Vanquished Creatures (others)
  Maurice (D:8)
  36 fungi (D:8)
  36 plants (D:8)
73 creatures vanquished.

Grand Total: 285 creatures vanquished

Notes
Turn   | Place    | Note
-------+----------+-------------------------------------------
     0 | D:5      | Esekla the Octopode Delver began the quest for the Orb.
     0 | D:5      | Reached XP level 1. HP: 16/16 MP: 1/1
    25 | D:5      | Found a staircase to the Ecumenical Temple.
    28 | D:5      | Noticed a hound
    37 | D:5      | Killed a hound
    38 | D:5      | Reached skill level 7 in Stealth
    38 | D:5      | Reached XP level 2. HP: 19/21 MP: 2/2
    38 | D:5      | Reached XP level 3. HP: 23/26 MP: 3/3
    56 | Temple   | Entered the Ecumenical Temple
    99 | Temple   | Became a worshipper of Gozag Ym Sagoz the Greedy
   320 | D:4      | Noticed a phantom
   356 | D:3      | Found a hazy altar of Hepliaklqana.
   360 | D:3      | Reached skill level 1 in Spellcasting
   360 | D:3      | Reached XP level 4. HP: 24/31 MP: 5/5
   363 | D:3      | Found a stormy altar of Qazlal.
   806 | D:1      | Found Sudedaun's Weapon Boutique.
   914 | D:1      | Reached XP level 5. HP: 25/36 MP: 5/7
  1296 | D:2      | Found Erphataff's General Store.
  1976 | D:3      | Learned a level 2 spell: Wereblood
  2030 | D:3      | Noticed Terence
  2036 | D:3      | Killed Terence
  2079 | D:3      | Reached XP level 6. HP: 43/43 MP: 8/8
  2161 | D:3      | Reached skill level 1 in Short Blades
  2549 | D:4      | Reached skill level 8 in Stealth
  2589 | D:4      | Reached skill level 1 in Transmutations
  2589 | D:4      | Reached XP level 7. HP: 38/48 MP: 8/10
  2655 | D:4      | Found a sparkling altar of Nemelex Xobeh.
  2661 | D:4      | Found a sacrificial altar of Ru.
  2664 | D:4      | Found a broken altar of Ashenzari.
  3270 | D:4      | HP: 2/48 [phantom (4)]
  3557 | D:5      | Reached skill level 5 in Long Blades
  3557 | D:5      | Reached XP level 8. HP: 51/54 MP: 11/11
  4259 | D:5      | Noticed a hornet
  4409 | D:5      | Paralysed by a hornet for 2 turns
  4415 | D:5      | Killed a hornet
  4416 | D:5      | Reached skill level 1 in Throwing
  4416 | D:5      | Reached skill level 9 in Stealth
  4556 | D:6      | Reached skill level 5 in Fighting
  4592 | D:6      | Reached XP level 9. HP: 61/61 MP: 14/14
  5485 | D:6      | Found Ygrik's Distillery.
  5495 | D:6      | Bought a potion of berserk rage for 70 gold pieces
  5495 | D:6      | Bought 2 potions of degeneration for 28 gold pieces
  5725 | D:2      | Bought a scroll of teleportation for 42 gold pieces
  6020 | D:6      | Reached skill level 10 in Stealth
  6093 | D:7      | Found a flagged portal.
  6292 | D:7      | Bought a +4 ring of protection for 432 gold pieces
  6317 | Bailey   | Entered a bailey
  6336 | Bailey   | Reached skill level 5 in Dodging
  6492 | Bailey   | Reached XP level 10. HP: 40/68 MP: 14/16
  6714 | Bailey   | Noticed a vault guard
  6724 | Bailey   | Killed a vault guard
  6809 | Bailey   | Noticed a vault guard
  6809 | Bailey   | Noticed Prince Ribbit
  6823 | Bailey   | Killed Prince Ribbit
  6824 | Bailey   | Reached skill level 5 in Spellcasting
  6835 | Bailey   | Killed a vault guard
  7066 | D:7      | Reached skill level 5 in Transmutations
  7740 | D:8      | Noticed Maurice
  7892 | D:8      | Found a staircase to the Lair.
  7919 | D:8      | Reached XP level 11. HP: 70/74 MP: 16/19
  7921 | D:8      | Killed Maurice
  8234 | D:8      | HP: 3/75 [orc warrior/+2 scimitar of holy wrath (17)]
  8235 | D:8      | Slain by an orc warrior

Illustrated notes

Levels and vault maps discovered:
D:1:      lemuel_arrival_lava_pool, layout_basic, serial_corexii_hall,
          chequers_hall_statues_wall_a, chequers_hall_statues_wall_a,
          serial_shops, nicolae_shop_behind_doors
D:2:      layout_basic, serial_shops, shop
D:3:      wad_river_or_something, layout_basic, mainiacjoe_overflow_paths,
          lemuel_doored_altar, uniq_terence
D:4:      minmay_razor_zed, layout_basic, grunt_temple_overflow_open
D:5:      minmay_clustersquares, layout_basic, minmay_temple_entry_statues,
          nicolae_eternal_life
D:6:      layout_loops_cross, serial_shops, nicolae_shop_stone, st_stairs_1
D:7:      layout_loops_ring, enter_bailey_2, lemuel_flame_loot_1
D:8:      kennysheep_windowed_halls, layout_loops_cross,
          due_lair_maze_entry_diamond, lightli_ossuary_entry_decrepit_ruins,
          minmay_misc_feat_five, minivault_4, uniq_maurice
Temple:   nicolae_temple_superstar

Skill      XL: |  1  2  3  4  5  6  7  8  9 10 11 |
---------------+----------------------------------+-----
Stealth        | 7 8 9 10 | 10.7
Spellcasting   | 1 2 3 4 5 |  5.6
Long Blades    | 3 5 6 8 |  8.8
Short Blades   | 1 2 3 |  3.5
Fighting       | 4 5 6 7 |  7.2
Dodging        | 3 4 5 6 |  6.3
Transmutations | 1 2 3 4 5 |  5.5
Throwing       | 1 2 |  2.9

Action                     |  1- 3 |  4- 6 |  7- 9 | 10-12 || total
---------------------------+-------+-------+-------+-------++-------
  Melee: Falchion          |     9 |       |    26 |   118 ||   153
         Tentacles         |     4 |    42 |    43 |    40 ||   129
         Long sword        |     4 |    74 |    99 |       ||   177
         Constrict         |     3 |    39 |    44 |    29 ||   115
         Dagger            |       |    88 |    84 |    27 ||   199
         Punch             |       |     3 |     5 |     2 ||    10
  Throw: Boomerang         |       |     3 |       |    13 ||    16
         Dart              |       |       |    18 |     8 ||    26
   Cast: Wereblood         |       |     1 |    11 |     8 ||    20
 Invoke: Call Merchant     |       |       |     1 |       ||     1
    Use: Scroll            |     1 |     5 |     3 |       ||     9
         Potion            |       |       |     4 |     2 ||     6
   Stab: Sleeping          |     1 |    18 |    20 |     3 ||    42
         Distracted        |       |     1 |     2 |     1 ||     4
 Armour: Skin              |       |     9 |    12 |    24 ||    45
  Dodge: Dodged            |    16 |    79 |   122 |    84 ||   301

Table legend: (Time is in decaauts)
 A = Elapsed time spent in this place.
 B = Non-inter-level travel time spent in this place.
 C = Inter-level travel time spent in this place.
 D = Time resting spent in this place.
 E = Time spent auto-exploring this place.
 F = Levels seen in this place.
 G = Mean time per level.
                   A        B        C        D        E       F      G
               +--------+--------+--------+--------+--------+-----+--------+
         Total |   8178 |   7848 |    330 |   1873 |   2243 |  10 |  817.8 |
       Dungeon |   7466 |   7157 |    309 |   1516 |   2187 |   8 |  933.2 |
        Temple |     64 |     43 |     21 |      0 |     29 |   1 |   64.0 |
        Bailey |    647 |    647 |      0 |    357 |     27 |   1 |  647.0 |
               +--------+--------+--------+--------+--------+-----+--------+

Top non-repeatable levels by time:
     D:5: 1404 daAuts
     D:6: 1193 daAuts
     D:4: 1165 daAuts
     D:3: 892 daAuts
     D:7: 885 daAuts
     D:2: 740 daAuts
  Bailey: 647 daAuts
     D:1: 614 daAuts
     D:8: 570 daAuts
  Temple: 64 daAuts
